 Dungeon Crawl Stone Soup version 0.30.1-4-g462c640d31 (webtiles) character file.

Game seed: 13106024566177728450

41251 safid the Gelid (level 14, -2/119 HPs)
             Began as a Merfolk Ice Elementalist on Sept 13, 2023.
             Was an Elder of Vehumet.
             Slain by an azure jelly (7 damage)
             ... in an ice cave.
             The game lasted 00:33:27 (19182 turns).

safid the Gelid (Merfolk Ice Elementalist)         Turns: 19182, Time: 00:33:29

Health: -2/119     AC: 23    Str: 10    XL:     14   Next: 14%
Magic:  4/27       EV: 17    Int: 18    God:    Vehumet [****..]
Gold:   1038       SH:  0    Dex: 14    Spells: 15/32 levels left

rFire   + . .        z - +9 sling "Sibiv" {drain, rPois rN+}
rCold   + . .        (no shield)
rNeg    + . .        J - +2 robe {rC+ rF+}
rPois   +            f - +1 helmet
rElec   .            (no cloak)
rCorr   +            H - +1 pair of gloves
SInv    .            j - +0 pair of boots
Will    +....        (no amulet)
Stlth   ++           L - +4 ring of protection
HPRegen 0.39/turn    C - ring of resist corrosion
MPRegen 0.20/turn

%: no passive effects
@: ice-armoured
A: (nimble swimmer 2), mertail
a: Renounce Religion


You were in an ice cave.
You worshipped Vehumet.
Vehumet was greatly pleased with you.
You visited 2 branches of the dungeon, and saw 16 of its levels.
You also visited: Ossuary and Ice Cave.

You collected 1038 gold pieces.

Inventory:

Hand Weapons
 m - the +5 whip "Uxei" {flame, *Slow rPois rC+++ Dex+4}
   (You found it on level 2 of the Dungeon)

   Dex:       It affects your dexterity (+4).
   rC:        It renders you almost immune to cold.
   rPois:     It protects you from poison.
   *Slow:     It may slow you when you take damage.
 z - the +9 sling "Sibiv" (weapon) {drain, rPois rN+}
   (You found it on level 4 of the Dungeon)

   rPois:     It protects you from poison.
   rN:        It protects you from negative energy.
 Q - the +9 quarterstaff of Strategic Superiority {freeze, rCorr Str-3 Dex+7}
   (You found it on level 2 of the Lair of Beasts)

   Str:       It affects your strength (-3).
   Dex:       It affects your dexterity (+7).
   rCorr:     It protects you from acid and corrosion.
Missiles
 G - 3 throwing nets
Armour
 d - a +1 robe of willpower
 f - a +1 helmet (worn)
 j - a +0 pair of boots (worn)
 H - a +1 pair of gloves (worn)
 J - a +2 robe of resistance (worn)
Jewellery
 k - a ring of poison resistance
 C - a ring of resist corrosion (right hand)
 F - a ring of wizardry
 L - a +4 ring of protection (left hand)
Wands
 o - a wand of roots (4)
 B - a wand of polymorph (2)
 I - a wand of digging (7)
 K - a wand of flame (16)
 O - a wand of paralysis (4)
Scrolls
 g - 12 scrolls of teleportation
 l - 2 scrolls of fog
 p - 2 scrolls of amnesia
 q - 4 scrolls of enchant weapon
 s - 2 scrolls of butterflies {unknown}
 x - 3 scrolls of fear (quivered)
 y - 2 scrolls of magic mapping {unknown}
 D - 2 scrolls of poison {unknown}
 E - a scroll of acquirement {unknown}
 M - 2 scrolls of silence {unknown}
 N - 2 scrolls of vulnerability {unknown}
 R - a scroll of blinking {unknown}
Potions
 a - 3 potions of brilliance
 b - a potion of magic
 c - a potion of flight {unknown}
 e - 2 potions of lignification
 h - 2 potions of haste {unknown}
 i - 9 potions of curing
 n - 2 potions of cancellation
 r - 3 potions of mutation
 t - 3 potions of resistance
 u - 2 potions of heal wounds
 v - 2 potions of might
 w - 4 potions of invisibility
 A - a potion of ambrosia {unknown}
 P - a potion of berserk rage {unknown}
 S - 2 potions of attraction {unknown}
Miscellaneous
 T - a phantom mirror


   Skills:
 + Level 13.7 Fighting
 + Level 11.4 Dodging
 - Level 2.1 Stealth
 + Level 9.9 Spellcasting
 + Level 17.2 Ice Magic
 + Level 3.2 Evocations


You had 15 spell levels left.
You knew the following spells:

 Your Spells              Type           Power      Damage    Failure   Level
a - Freeze                Ice            100%       1d10      0%          1
b - Frozen Ramparts       Ice            100%       1d16      0%          3
c - Ozocubu's Armour      Ice            63%        N/A       1%          3
d - Hailstorm             Conj/Ice       39%        3d9       1%          3
e - Ozocubu's Refrigerat  Ice            31%        4d14      1%          7

Your spell library contained the following spells:

 Spells                   Type           Power      Damage    Failure   Level
 Flame Wave               Conj/Fire      8%         2d5       21%         4
 Ice Form                 Ice/Tmut       39%        N/A       2%          4
 Summon Ice Beast         Ice/Summ       39%        N/A       2%          4
 Metabolic Englaciation   Hex/Ice        19%        N/A       6%          5
 Simulacrum               Ice/Necr       19%        N/A       34%         6
 Animate Dead             Necr           8%         N/A       63%         4
 Cause Fear               Hex            4%         N/A       63%         4
 Petrify                  Tmut/Erth      8%         N/A       63%         4
 Statue Form              Tmut/Erth      5%         N/A       100%        6
 Dragon Form              Tmut           4%         N/A       100%        7
 Haunt                    Necr/Summ      4%         N/A       100%        7
 Infestation              Necr           4%         N/A       100%        8
 Dragon's Call            Summ           4%         N/A       100%        9


Dungeon Overview and Level Annotations

Branches:
Dungeon (11/15)            Temple (0/1) D:7            Lair (5/5) D:11
 Shoals (0/4) Lair:2       Spider (0/4) Lair:3      Ossuary (visited)
  IceCv (1/1)
  Slime: Lair:4-5       Orc: D:9-12

Altars:
Cheibriados
Elyvilon
Fedhas
Gozag
Hepliaklqana
Nemelex Xobeh
Okawaru
Qazlal
Sif Muna
Trog
Vehumet
Wu Jian
Xom
Zin
The Shining One

Shops:
D:4 *   D:10 *[

Annotations:
D:2 1 runed translucent door, Crazy Yiuf
D:4 3 runed translucent doors, mortz's ghost, novice DgCj
Lair:5 exclusion: oklob plant IceCv exclusion: 2 ice statues


Innate Abilities, Weirdness & Mutations

((You are very nimble when in or above water. (Stealth+, EV+, Speed+++)))
Your lower body shifts to a powerful aquatic tail in water.


Message History

The azure jelly hits you but does no damage.
The azure jelly misses you.
The azure jelly hits you but does no damage.
The azure jelly misses you.
Unknown command.
Casting: Ozocubu's Refrigeration (dangerous; 1% risk of failure)
Confirm with . or Enter, or press ? or * to list all spells.
The heat is drained from your surroundings.
The azure jelly resists.
The azure jelly is almost dead.
The azure jelly closely misses you. x2; The azure jelly hits you.
* * * LOW HITPOINT WARNING * * *
The azure jelly hits you but does no damage.
The azure jelly completely misses you. The azure jelly hits you.
* * * LOW HITPOINT WARNING * * *
The azure jelly freezes you!! You resist.
* * * LOW HITPOINT WARNING * * *
The azure jelly hits you.
* * * LOW HITPOINT WARNING * * *
The azure jelly hits you but does no damage.
The azure jelly completely misses you.
The azure jelly hits you but does no damage.
The azure jelly misses you.
The azure jelly hits you but does no damage.
Okay, then.
Unknown command.
Aiming: Paralyse
Press: ? - help, Shift-Dir - straight line, f/p - azure jelly
Aim: an azure jelly (almost dead, chance to affect: 12%)
Okay, then.
Unknown command.
Unknown command.
Unknown command.
Read: 4 scrolls of fear
Press: ? - help, Q - select action, (/) - cycle Dir - look around, f - activate
As you read the scroll of fear, it crumbles to dust.
You assume a fearsome visage.
The azure jelly resists with almost no effort.
The azure jelly closely misses you. The azure jelly hits you!
You die...

#.........####
...#####.....###
####...###.....###
##.......####....####
..8##°.....###.....##
#######....##.....##
###....####....##.....#
#........ ##....#.....#
....###8. ###..@.....#
..### ###J....## ..#
#.##### ### #.# #.# #.#
..# ...


You could see an azure jelly.

Vanquished Creatures
  2 quicksilver oozes (IceCv)
  2 hydras
  2 catoblepae
  Erica (Lair:2)
  A boulder beetle (Lair:2)
  5 two-headed ogres
  Amaemon (Lair:1)
  A skyshark (Lair:2)
  An ugly thing (D:11)
  A wolf spider (Lair:3)
  A cyclops (D:11)
  8 elephants (Lair:3)
  A merfolk siren (Lair:2)
  3 black mambas (Lair:4)
  An orange demon (Lair:1)
  An ice statue (IceCv)
  Joseph (D:10)
  A gargoyle (D:9)
  19 cane toads
  An unseen horror (D:11)
  Psyche (D:10)
  2 komodo dragons
  2 rime drakes
  4 polar bears
  A troll (D:11)
  5 blink frogs (Lair:4)
  Grinder (D:3)
  Sigmund (D:2)
  3 jumping spiders (Lair:3)
  3 slime creatures (D:11)
  A wyvern (Lair:2)
  A wraith (D:11)
  47 yaks
  Grum (D:10)
  A steam dragon (D:6)
  A redback (Lair:3)
  Menkaure (D:7)
  10 water moccasins
  Duvessa (D:5)
  2 acid dragons (D:10)
  A sky beast (D:4)
  A great orb of eyes simulacrum (IceCv)
  A black bear (D:6)
  2 ice beasts (D:7)
  19 wolves
  3 ogres
  3 centaurs
  5 slime creature simulacra (IceCv)
  Blork the orc (D:5)
  A kobold brigand (D:7)
  14 bullfrogs
  A scorpion (D:6)
  2 glowing shapeshifter simulacra (IceCv)
  17 wights
  4 jellies
  Dowan (D:5)
  4 killer bees (D:9)
  4 howler monkeys
  3 centaur zombies (Ossuary)
  2 human zombies
  2 gnoll boudas
  2 orc priests
  3 hounds
  An iron imp (D:5)
  2 sleepcaps
  2 iguanas (D:5)
  Natasha (thrice) (D:2)
  4 orc wizards
  3 shapeshifter simulacra (IceCv)
  5 mummies (Ossuary)
  Robin (D:3)
  8 adders
  18 gnolls
  13 white imps
  An ufetubus (D:4)
  17 orcs
  7 endoplasms
  2 giant cockroaches
  12 goblins
  11 hobgoblins
  5 jackals
  12 kobolds
  7 quokkas
  13 ball pythons
  A bat (D:3)
  A frilled lizard (D:1)
  A goblin zombie (Ossuary)
  2 kobold zombies
  2 orc zombies (Ossuary)
  4 rats
  A rat zombie (D:4)
398 creatures vanquished.

Vanquished Creatures (others)
  A yak (Lair:5)
1 creature vanquished.

Grand Total: 399 creatures vanquished

Notes
Turn   | Place    | Note
-------+----------+-------------------------------------------
     0 | D:1      | safid the Merfolk Ice Elementalist began the quest for the
                  | Orb.
     0 | D:1      | Reached XP level 1. HP: 13/13 MP: 3/3
   241 | D:1      | Reached XP level 2. HP: 20/20 MP: 3/5
   277 | D:1      | Reached skill level 1 in Fighting
  1101 | D:2      | Noticed Natasha
  1110 | D:2      | Killed Natasha
  1111 | D:2      | Reached XP level 3. HP: 17/27 MP: 0/6
  1122 | D:2      | Learned a level 3 spell: Frozen Ramparts
  1132 | D:2      | Noticed Natasha
  1145 | D:2      | Killed Natasha
  1146 | D:2      | Reached skill level 5 in Ice Magic
  1146 | D:2      | Reached XP level 4. HP: 32/33 MP: 1/8
  1153 | D:2      | Learned a level 3 spell: Ozocubu's Armour
  1348 | D:2      | You fall into a shaft and drop 1 floor!
  1407 | D:3      | Noticed Grinder
  1507 | D:2      | Identified the +5 whip "Uxei" {flame, *Slow rPois rC+++
                  | Dex+4}
  1573 | D:2      | Noticed Sigmund
  1583 | D:2      | Killed Sigmund
  1584 | D:2      | Reached XP level 5. HP: 33/41 MP: 3/10
  1584 | D:2      | Reached XP level 6. HP: 38/47 MP: 3/11
  1750 | D:2      | Noticed Natasha
  1757 | D:2      | Killed Natasha
  1848 | D:2      | Found a runed translucent door.
  1849 | D:2      | Noticed Crazy Yiuf
  2391 | D:3      | Found an opulent altar of Gozag.
  2511 | D:3      | Found a faded altar of an unknown god.
  2515 | D:3      | Found a bloodstained altar of Trog.
  2541 | D:3      | Killed Grinder
  2542 | D:3      | Reached skill level 6 in Ice Magic
  2542 | D:3      | Reached XP level 7. HP: 14/55 MP: 8/13
  2831 | D:3      | Noticed Robin
  2845 | D:3      | Killed Robin
  2873 | D:3      | Found a glowing silver altar of Zin.
  2903 | D:4      | Found a stormy altar of Qazlal.
  2981 | D:4      | Found a runed translucent gate.
  2981 | D:4      | Found a runed translucent gate.
  2983 | D:4      | Found a runed translucent gate.
  2983 | D:4      | Found an opulent altar of Gozag.
  2985 | D:4      | Noticed mortz's ghost (novice DgCj)
  3030 | D:4      | Reached skill level 5 in Fighting
  3108 | D:4      | Found Qyc Biebod's Lightly-Used Armoury.
  3110 | D:4      | Found a sand-covered staircase.
  3135 | Ossuary  | Entered an ossuary
  3195 | Ossuary  | Reached skill level 7 in Ice Magic
  3286 | Ossuary  | Reached XP level 8. HP: 50/62 MP: 15/15
  3353 | Ossuary  | Reached skill level 5 in Spellcasting
  3719 | D:4      | Found a glowing golden altar of the Shining One.
  3918 | D:4      | Found a shimmering blue altar of Sif Muna.
  4141 | D:4      | Identified the +9 sling "Sibiv" {drain, rPois rN+}
  4216 | D:4      | Found a white marble altar of Elyvilon.
  4470 | D:4      | Found an ornate altar of the Wu Jian Council.
  4506 | D:5      | Entered Level 5 of the Dungeon
  4506 | D:5      | Noticed Blork the orc
  4512 | D:5      | Killed Blork the orc
  4606 | D:5      | Noticed Dowan
  4619 | D:5      | Noticed Duvessa
  4622 | D:5      | Killed Duvessa
  4646 | D:5      | Killed Dowan
  4926 | D:5      | Reached skill level 8 in Ice Magic
  5291 | D:5      | Reached XP level 9. HP: 70/71 MP: 18/18
  5607 | D:5      | Found a snail-covered altar of Cheibriados.
  6286 | D:6      | Learned a level 7 spell: Ozocubu's Refrigeration
  6325 | D:6      | Reached skill level 9 in Ice Magic
  6501 | D:6      | Learned a level 3 spell: Hailstorm
  6853 | D:7      | Found a radiant altar of Vehumet.
  6880 | D:7      | Became a worshipper of Vehumet
  7268 | D:7      | Noticed a two-headed ogre
  7276 | D:7      | Killed a two-headed ogre
  7277 | D:7      | Reached skill level 5 in Dodging
  7277 | D:7      | Reached XP level 10. HP: 36/82 MP: 18/21
  7611 | D:7      | Noticed Menkaure
  7617 | D:7      | Killed Menkaure
  7730 | D:7      | Found a staircase to the Ecumenical Temple.
  8363 | D:8      | Found a shimmering altar of Xom.
  8474 | D:8      | Reached skill level 10 in Ice Magic
  8684 | D:8      | Found a blossoming altar of Fedhas.
  9269 | D:9      | Noticed a gargoyle
  9284 | D:9      | Reached * piety under Vehumet
  9284 | D:9      | Offered knowledge of Foxfire by Vehumet.
  9288 | D:9      | Killed a gargoyle
  9575 | D:9      | Reached XP level 11. HP: 78/90 MP: 16/23
  9652 | D:9      | Found a hazy altar of Hepliaklqana.
  9660 | D:9      | Reached skill level 10 in Fighting
  9663 | D:9      | Reached skill level 11 in Ice Magic
 10050 | D:9      | Found a sparkling altar of Nemelex Xobeh.
 10108 | D:9      | Found an iron altar of Okawaru.
 10159 | D:10     | Entered Level 10 of the Dungeon
 10159 | D:10     | Noticed a two-headed ogre
 10166 | D:10     | Killed a two-headed ogre
 10204 | D:10     | Noticed a two-headed ogre
 10210 | D:10     | Killed a two-headed ogre
 10260 | D:10     | Noticed Psyche
 10270 | D:10     | Killed Psyche
 10338 | D:10     | Noticed Grum
 10347 | D:10     | Killed Grum
 10511 | D:10     | Found Hainusuv's Antique Armour Shoppe.
 10531 | D:10     | Noticed Joseph
 10544 | D:10     | Killed Joseph
 10791 | D:10     | Found Baexiq's Serpentskin Sales.
 10794 | D:10     | Reached skill level 12 in Ice Magic
 10847 | D:10     | Noticed a two-headed ogre
 10853 | D:10     | Killed a two-headed ogre
 11175 | D:11     | Noticed a purple ugly thing
 11183 | D:11     | Killed a purple ugly thing
 11183 | D:11     | Reached ** piety under Vehumet
 11297 | D:11     | Found a staircase to the Lair.
 11401 | D:11     | Noticed a two-headed ogre
 11408 | D:11     | Killed a two-headed ogre
 11445 | D:11     | Offered knowledge of Searing Ray by Vehumet.
 11479 | D:11     | Noticed a cyclops
 11484 | D:11     | Killed a cyclops
 11987 | D:11     | Reached skill level 13 in Ice Magic
 12220 | Lair:1   | Entered Level 1 of the Lair of Beasts
 12230 | Lair:1   | Reached XP level 12. HP: 53/102 MP: 24/24
 12419 | Lair:1   | Reached skill level 14 in Ice Magic
 12890 | Lair:1   | Reached skill level 15 in Ice Magic
 12892 | Lair:1   | Noticed Amaemon
 12902 | Lair:1   | Killed Amaemon
 12912 | Lair:1   | Offered knowledge of Static Discharge by Vehumet.
 13407 | Lair:1   | Reached skill level 16 in Ice Magic
 13867 | Lair:2   | Noticed a catoblepas
 13878 | Lair:2   | Reached *** piety under Vehumet
 13887 | Lair:2   | Killed a catoblepas
 14182 | Lair:2   | Noticed Erica
 14193 | Lair:2   | Killed Erica
 14327 | Lair:2   | Noticed a skyshark
 14335 | Lair:2   | Killed a skyshark
 14336 | Lair:2   | Reached XP level 13. HP: 98/109 MP: 23/25
 14594 | Lair:2   | Offered knowledge of Ignite Poison by Vehumet.
 14607 | Lair:2   | Found a staircase to the Shoals.
 14626 | Lair:2   | Identified the +9 quarterstaff of Strategic Superiority
                  | {freeze, rCorr Str-3 Dex+7}
 15547 | Lair:3   | Reached skill level 10 in Dodging
 16175 | Lair:3   | Reached **** piety under Vehumet
 16460 | Lair:3   | Found a hole to the Spider Nest.
 17104 | Lair:4   | Reached skill level 1 in Evocations
 17157 | Lair:4   | Offered knowledge of Flame Wave by Vehumet.
 17778 | Lair:5   | Entered Level 5 of the Lair of Beasts
 17784 | Lair:5   | Reached skill level 17 in Ice Magic
 17967 | Lair:5   | Reached XP level 14. HP: 75/118 MP: 20/27
 17971 | Lair:5   | Found a frozen archway.
 18052 | IceCv    | Entered an ice cave
 18314 | IceCv    | Noticed a quicksilver ooze
 18318 | IceCv    | Killed a quicksilver ooze
 19159 | IceCv    | Noticed a quicksilver ooze
 19160 | IceCv    | Noticed an azure jelly
 19170 | IceCv    | Killed a quicksilver ooze
 19180 | IceCv    | HP: 4/119 [azure jelly (4)]
 19182 | IceCv    | Slain by an azure jelly

Illustrated notes

Levels and vault maps discovered:
D:1:      tarquinn_simple_flora_water_b, layout_basic
D:2:      layout_loops_ring, chequers_serial_rivers_room_b,
          kennysheep_generic_room_4, uniq_natasha, uniq_sigmund,
          uniq_crazy_yiuf_cottage
D:3:      layout_rooms, mainiacjoe_overflow_24_doors,
          nicolae_overflow_ecumenical_swirl, lemuel_tele_altar, minivault_27,
          uniq_grinder, uniq_robin
D:4:      layout_basic, nicolae_wu_jian_immortal_techniques,
          lemuel_blue_sif_altar, mainiacjoe_overflow_six_doors_small,
          tso_metal_star, nicolae_qazlal_beasts_of_the_sky, enter_ossuary_3,
          ebering_ghost_gozag, minmay_shop_damaged
D:5:      layout_loops_corners, chei_slow_surprise, uniq_duvessa,
          uniq_blork_the_orc
D:6:      layout_layer_cave
D:7:      layout_basic, nicolae_vehumet_radiance, minmay_temple_entry_slanted,
          uniq_menkaure
D:8:      layout_layer_cave, nicolae_overflow_crystal_walls,
          mainiacjoe_overflow_alcove_2
D:9:      layout_gridville, amcnicky_altar_gilded, okawaru_altar_gauntlet_db,
          nemelex_xobeh_ov_fountains_minmay, kennysheep_generic_room_14
D:10:     layout_basic, serial_shops, kennysheep_mini_moat,
          hangedman_decor_peaks_small, minmay_misc_feat_ornament,
          guppyfry_shop_venom, uniq_joseph, uniq_grum, uniq_psyche
D:11:     layout_loops_ring, lair_entry_dummy
Lair:1:   layout_regular_city, serial_forest, infiniplex_forest_clump_double,
          infiniplex_forest_end_3, infiniplex_forest_lined_2,
          infiniplex_forest_lined_2, infiniplex_forest_lined_corner,
          beast_lair_carwin_7, uniq_amaemon
Lair:2:   layout_regular_city, minmay_shoals_entry_lonely_mermaid,
          chequers_serial_rivers_room_a, uniq_erica
Lair:3:   layout_roguey, spider_nest_entry_funnel_web,
          pdpol_lair_neglected_garden
Lair:4:   layout_loops_ring, kennysheep_catoblepas_arena
Lair:5:   minmay_lair_end_enchanted_forest, layout_small_grid, slime_entry_1,
          portal_ice_cave_entry_imps
IceCv:    ice_cave_hellmonk_azure_passage

Skill      XL: |  1  2  3  4  5  6  7  8  9 10 11 12 13 14 |
---------------+-------------------------------------------+-----
Fighting       | 1 2 3 4 5 6 8 9 12 13 | 13.7
Ice Magic      | 5 6 7 8 9 10 13 16 17 | 17.2
Spellcasting   | 3 4 6 7 8 9 |  9.9
Dodging        | 5 8 11 | 11.4
Evocations     | 2 3 |  3.2
Stealth        | |  2.1

Action                     |  1- 3 |  4- 6 |  7- 9 | 10-12 | 13-15 || total
---------------------------+-------+-------+-------+-------+-------++-------
  Melee: Whip              |    43 |    73 |   139 |       |       ||   255
         Punch             |     2 |       |     2 |       |       ||     4
         Unarmed           |       |       |     2 |       |       ||     2
         Quarterstaff      |       |       |       |       |    98 ||    98
   Fire: Sling             |       |       |   199 |   364 |   255 ||   818
   Cast: Freeze            |    17 |    15 |     1 |     4 |     2 ||    39
         Frozen Ramparts   |     1 |     2 |    15 |    36 |    29 ||    83
         Ozocubu's Armour  |       |     2 |     9 |    27 |    22 ||    60
         Hailstorm         |       |       |       |     4 |       ||     4
         Ozocubu's Refrige |       |       |       |    13 |    36 ||    49
  Evoke: Wand              |       |       |       |       |     1 ||     1
    Use: Scroll            |       |       |     5 |     8 |     2 ||    15
         Potion            |       |       |       |       |     6 ||     6
   Stab: Sleeping          |     2 |     4 |     4 |       |       ||    10
         Distracted        |       |       |     1 |       |       ||     1
 Armour: Robe              |    14 |    21 |    81 |    93 |   233 ||   442
         Skin              |       |       |     2 |       |       ||     2
  Dodge: Dodged            |    28 |    61 |   162 |   231 |   434 ||   916
